 Dungeon Crawl Stone Soup version 0.28-a0-1429-gf3d713df7a (webtiles) character file.

Game seed: 3229739887889160932

231 zap2161 the Blocker (level 6, -1/47 HPs)
             Began as a Gnoll Wanderer on Jan 8, 2022.
             Was a Follower of the Shining One.
             Slain by an orc (5 damage)
             ... on level 3 of the Dungeon.
             The game lasted 00:21:24 (1898 turns).

zap2161 the Blocker (Gnoll Wanderer)                Turns: 1898, Time: 00:21:25

Health: -1/47      AC:  4    Str: 12    XL:     6   Next: 4%
Magic:  10/10      EV: 11    Int: 10    God:    the Shining One [*.....]
Gold:   114        SH: 14    Dex: 14    Spells: 7/11 levels left

rFire   . . .      SeeInvis .   u - +6 club
rCold   . . .      Faith    .   d - +2 buckler
rNeg    . . .      Spirit   .   c - +0 leather armour
rPois   .          Reflect  +   (helmet currently unavailable)
rElec   .          Harm     .   (no cloak)
rCorr   .          Rampage  .   b - +0 pair of gloves
Will    .....                   (boots currently unavailable)
Stlth   +.........              m - amulet of reflection
HPRegen 0.15/turn               (no ring)
MPRegen 0.12/turn               (no ring)

@: appendages (expiring), glowing
A: horns 2, talons 2, fangs 1, strong nose, distributed training
a: End Transformation, Renounce Religion, Divine Shield


You were on level 3 of the Dungeon.
You worshipped the Shining One.
The Shining One was aware of your devotion.
You had temporarily grown beastly horns and talons.
You visited 1 branch of the dungeon, and saw 3 of its levels.

You collected 114 gold pieces.

Inventory:

Hand Weapons
 o - a +0 hunting sling
 u - a +6 club (weapon)
Missiles
 h - 24 sling bullets
 j - 18 poisoned darts (quivered)
 k - 20 arrows
 l - 74 stones
Armour
 b - a +0 pair of gloves (worn)
 c - a +0 leather armour (worn)
 d - a +2 buckler (worn)
 q - an orb of energy
Jewellery
 m - an amulet of reflection (around neck)
Wands
 s - a wand of digging (5)
Scrolls
 a - 2 scrolls of identify
 e - 2 scrolls of teleportation
 p - a scroll of vulnerability {unknown}
 r - a scroll of noise {unknown}
Potions
 f - a potion of lignification {unknown}
 g - a potion of berserk rage {unknown}
 i - a potion of heal wounds {unknown}
 n - a potion of curing {unknown}
 t - a potion of flight {unknown}


   Skills:
 + Level 3.1 Fighting
 + Level 1.7 Short Blades
 + Level 1.7 Long Blades
 + Level 1.7 Axes
 + Level 1.7 Maces & Flails
 + Level 1.7 Polearms
 + Level 1.7 Staves
 + Level 1.7 Slings
 + Level 1.7 Bows
 + Level 1.7 Crossbows
 + Level 1.7 Throwing
 + Level 1.7 Armour
 + Level 1.7 Dodging
 + Level 2.9 Stealth
 + Level 10.5 Shields
 + Level 1.7 Unarmed Combat
 + Level 3.3 Spellcasting
 + Level 1.3 Conjurations
 + Level 1.3 Hexes
 + Level 1.3 Summonings
 + Level 1.3 Necromancy
 + Level 1.3 Translocations
 + Level 4.0 Transmutations
 + Level 1.3 Fire Magic
 + Level 1.3 Ice Magic
 + Level 1.3 Air Magic
 + Level 1.3 Earth Magic
 + Level 1.3 Poison Magic
 + Level 2.0 Invocations
 + Level 1.7 Evocations


You had 7 spell levels left.
You knew the following spells:

 Your Spells              Type           Power      Damage    Failure   Level
a - Beastly Appendage     Tmut           18%        N/A       9%          1
b - Shock                 Conj/Air       16%        1d4       24%         1
c - Blink                 Tloc           8%         N/A       36%         2

Your spell library contained the following spells:

 Spells                   Type           Power      Damage    Failure   Level
 Spider Form              Tmut/Pois      7%         N/A       38%         3
 Lesser Beckoning         Tloc           4%         N/A       58%         3
 Swiftness                Air            4%         N/A       58%         3
 Airstrike                Air            2%         N/A       94%         4
 Manifold Assault         Tloc           4%         N/A       100%        5


Dungeon Overview and Level Annotations

Branches:
Dungeon (3/15)

Altars:
Kikubaaqudgha
Wu Jian
The Shining One


Innate Abilities, Weirdness & Mutations

You have temporarily grown beastly horns and talons.
You have very sharp teeth.
Your uncanny sense of smell can sniff out nearby items.
Your experience applies equally to all skills.


Message History

The orc is severely wounded.
The orc hits you from afar with a +0 trident.
The orc priest calls upon Beogh to heal the orc.
The orc's wounds heal themselves!
The orc closely misses you. The orc barely misses you.
Casting: Beastly Appendage (safe; 9% risk of failure)
Confirm with . or Enter, or press ? or * to list all spells.
You grow a pair of large bovine horns.
Your feet morph into talons.
You block the orc's attack.
The orc hits you from afar with a +0 trident.
You hit the orc. You claw the orc, but do no damage.
The orc is almost dead.
The orc priest looks braver for a moment.
You block the orc's attack. x2
You sock the orc!
You kill the orc!
The orc hits you from afar with a +0 trident.
You hit the orc priest. You claw the orc priest.
The orc priest is moderately wounded.
You block the orc priest's attack.
The orc hits you from afar with a +0 trident.
* * * LOW HITPOINT WARNING * * *
The orc priest hits you with a +0 falchion.
* * * LOW HITPOINT WARNING * * *
You barely miss the orc priest. You claw the orc priest.
The orc priest is severely wounded.
You block the orc's attack. The orc priest closely misses you.
You block the orc's attack.
You completely miss the orc priest. You claw the orc priest.
The orc priest is severely wounded.
Your transformation is almost over.
You block the orc priest's attack.
The orc hits you from afar with a +0 trident.
* * * LOW HITPOINT WARNING * * *
You hit the orc priest but do no damage.
The orc priest is severely wounded.
The orc priest hits you with a +0 falchion.
* * * LOW HITPOINT WARNING * * *
The orc hits you from afar with a +0 trident.
You die...

..##.#.....#.....#
.....##.⌠._#.....#
......#....#.....#
#.....##..##.....#
#......####).....#
#................#
#.........†....o.#
####...........#o#
#######........#@#
.................#
######...........#
#..........##
#..........#
#..........#
##........##
##......##
########


You could see an orc priest and an orc.

Vanquished Creatures
  Jessica (D:3)
  Ijyb (D:3)
  An orc wizard (D:3)
  A hound skeleton (D:3)
  4 gnolls (D:2)
  3 adders (D:3)
  2 dart slugs (D:2)
  3 orcs (D:3)
  11 bats
  6 endoplasms
  3 giant cockroaches (D:1)
  7 goblins
  4 hobgoblins
  4 jackals (D:3)
  8 kobolds
  2 quokkas
  5 ball pythons
  3 frilled lizards
  6 rats
75 creatures vanquished.

Notes
Turn   | Place    | Note
-------+----------+-------------------------------------------
     0 | D:1      | Reached skill level 10 in Shields
     0 | D:1      | zap2161 the Gnoll Wanderer began the quest for the Orb.
     0 | D:1      | zap2161 set off with the following items: a +0 club, a +0
                  | pair of gloves, a +0 leather armour, a +2 buckler; and the
                  | following spell memorised: Beastly Appendage; and the
                  | following spells available to memorise: Spider Form
     0 | D:1      | Reached XP level 1. HP: 17/17 MP: 4/4
    47 | D:1      | Learned a level 1 spell: Shock
   179 | D:1      | Reached XP level 2. HP: 23/23 MP: 2/5
   365 | D:1      | Reached XP level 3. HP: 28/28 MP: 5/7
   697 | D:2      | Reached skill level 1 in Invocations
   709 | D:2      | Reached skill level 1 in Short Blades
   709 | D:2      | Reached skill level 1 in Long Blades
   709 | D:2      | Reached skill level 1 in Axes
   709 | D:2      | Reached skill level 1 in Maces & Flails
   709 | D:2      | Reached skill level 1 in Polearms
   709 | D:2      | Reached skill level 1 in Staves
   709 | D:2      | Reached skill level 1 in Slings
   709 | D:2      | Reached skill level 1 in Bows
   709 | D:2      | Reached skill level 1 in Crossbows
   709 | D:2      | Reached skill level 1 in Throwing
   709 | D:2      | Reached skill level 1 in Armour
   709 | D:2      | Reached skill level 1 in Dodging
   709 | D:2      | Reached skill level 1 in Unarmed Combat
   709 | D:2      | Reached skill level 1 in Evocations
   711 | D:2      | Reached XP level 4. HP: 9/34 MP: 2/8
   786 | D:2      | Found a faded altar of an unknown god.
   796 | D:2      | Prayed at the altar of an unknown god.
   796 | D:2      | Became a worshipper of the Shining One
   796 | D:2      | Reached * piety under the Shining One
  1027 | D:2      | Reached skill level 1 in Conjurations
  1027 | D:2      | Reached skill level 1 in Hexes
  1027 | D:2      | Reached skill level 1 in Summonings
  1027 | D:2      | Reached skill level 1 in Necromancy
  1027 | D:2      | Reached skill level 1 in Translocations
  1027 | D:2      | Reached skill level 1 in Fire Magic
  1027 | D:2      | Reached skill level 1 in Ice Magic
  1027 | D:2      | Reached skill level 1 in Air Magic
  1027 | D:2      | Reached skill level 1 in Earth Magic
  1027 | D:2      | Reached skill level 1 in Poison Magic
  1343 | D:3      | Reached XP level 5. HP: 37/40 MP: 7/9
  1390 | D:3      | Learned a level 2 spell: Blink
  1397 | D:3      | Noticed Ijyb
  1400 | D:3      | Noticed Jessica
  1422 | D:3      | Killed Ijyb
  1426 | D:3      | Killed Jessica
  1685 | D:3      | Found an ancient bone altar of Kikubaaqudgha.
  1685 | D:3      | Found an ornate altar of the Wu Jian Council.
  1748 | D:3      | Reached XP level 6. HP: 35/47 MP: 10/10
  1898 | D:3      | Slain by an orc

Illustrated notes

Levels and vault maps discovered:
D:1:      amcnicky_arrival_underground_garden, layout_loops_ring,
          minmay_misc_feat_encased
D:2:      layout_basic, ebering_ecumenical_altar_webs, minmay_between
D:3:      layout_rooms, gammafunk_temple_overflow_pools, minmay_misc_feat_iff,
          nicolae_figureground_pulse, uniq_ijyb, uniq_jessica

Skill      XL: |  1  2  3  4  5  6 |
---------------+-------------------+-----
Shields        | | 10.5
Invocations    | 1 2 |  2.0
Short Blades   | 1 |  1.7
Long Blades    | 1 |  1.7
Axes           | 1 |  1.7
Maces & Flails | 1 |  1.7
Polearms       | 1 |  1.7
Staves         | 1 |  1.7
Slings         | 1 |  1.7
Bows           | 1 |  1.7
Crossbows      | 1 |  1.7
Throwing       | 1 |  1.7
Armour         | 1 |  1.7
Dodging        | 1 |  1.7
Unarmed Combat | 1 |  1.7
Evocations     | 1 |  1.7
Spellcasting   | 3 |  3.3
Conjurations   | 1 |  1.3
Hexes          | 1 |  1.3
Summonings     | 1 |  1.3
Necromancy     | 1 |  1.3
Translocations | 1 |  1.3
Fire Magic     | 1 |  1.3
Ice Magic      | 1 |  1.3
Air Magic      | 1 |  1.3
Earth Magic    | 1 |  1.3
Poison Magic   | 1 |  1.3
Fighting       | 3 |  3.1
Transmutations | 4 |  4.0
Stealth        | |  2.9

Action                   |  1- 3 |  4- 6 || total
-------------------------+-------+-------++-------
Melee: Club              |    23 |    58 ||    81
       Headbutt          |    10 |     9 ||    19
       Bite              |     6 |    11 ||    17
       Short sword       |    58 |     6 ||    64
       Kick              |    10 |    17 ||    27
       Dagger            |       |    19 ||    19
       Spear             |       |    40 ||    40
       Unarmed           |       |    15 ||    15
 Fire: Hunting sling     |       |     2 ||     2
Throw: Dart              |       |     4 ||     4
 Cast: Beastly Appendage |     8 |    12 ||    20
       Shock             |     5 |     5 ||    10
  Use: Scroll            |       |     1 ||     1
 Stab: Sleeping          |     4 |       ||     4
Armor: Leather armour    |    35 |    23 ||    58
Dodge: Dodged            |    38 |    28 ||    66
Block: Buckler           |    47 |    95 ||   142
       Reflection        |       |     2 ||     2

Table legend: (Time is in decaauts)
 A = Elapsed time spent in this place.
 B = Non-inter-level travel time spent in this place.
 C = Inter-level travel time spent in this place.
 D = Time resting spent in this place.
 E = Time spent auto-exploring this place.
 F = Levels seen in this place.
 G = Mean time per level.
                   A        B        C        D        E       F      G
               +--------+--------+--------+--------+--------+-----+--------+
         Total |   1922 |   1922 |      0 |      0 |      0 |   3 |  640.7 |
       Dungeon |   1922 |   1922 |      0 |      0 |      0 |   3 |  640.7 |
               +--------+--------+--------+--------+--------+-----+--------+

Top non-repeatable levels by time:
     D:1: 689 daAuts
     D:3: 631 daAuts
     D:2: 601 daAuts
